 Dungeon Crawl Stone Soup version 0.29-a0-322-g68df515428 (webtiles) character file.

Game seed: 11960337273901584562

30765 Dabor the Fighter (level 13, -6/95 HPs)
             Began as a Demonspawn Chaos Knight on Apr 7, 2022.
             Was a Plaything of Xom.
             Mangled by a boulder beetle (17 damage)
             ... on level 12 of the Dungeon.
             The game lasted 00:29:06 (15486 turns).

Dabor the Fighter (Demonspawn Chaos Knight)        Turns: 15486, Time: 00:29:07

Health: -6/95      AC: 26    Str: 17    XL:     13   Next: 22%
Magic:  3/17       EV: 16    Int: 13    God:    Xom [..*...]
Gold:   1118       SH:  9    Dex: 14    Spells: 15/18 levels left

rFire   . . .      SeeInvis +   K - +8 mace "Pelic" {flame, rElec rN+ SInv Stlth-}
rCold   . . .      Faith    .   (no shield)
rNeg    + . .      Spirit   .   a - +2 acid dragon scales
rPois   +          Reflect  +   W - +2 hat
rElec   +          Harm     .   w - +1 cloak
rCorr   +          Rampage  .   F - +0 pair of gloves
Will    +....      Rnd*Tele +   m - +2 pair of boots
Stlth   ..........              v - amulet of reflection
HPRegen 0.25/turn               T - ring of poison resistance
MPRegen 0.15/turn               y - ring of willpower

@: brilliant, unable to read
A: icy blue scales 1, icemail 1, powered by death 1, condensation shield,
demonic touch 2, talons 1, dopey 1, frail 1, strong 1, teleportitis 1, inability
to read while threatened, MP-powered wands
a: Renounce Religion


You were on level 12 of the Dungeon.
You worshipped Xom.
You were a toy of Xom.
You visited 1 branch of the dungeon, and saw 12 of its levels.
You also visited: Ossuary and Bailey.

You collected 1118 gold pieces.

Inventory:

Hand Weapons
 B - a +4 battleaxe
 K - the +8 mace "Pelic" (weapon) {flame, rElec rN+ SInv Stlth-}
   (You found it on level 7 of the Dungeon)

   It burns those it strikes, dealing additional fire damage.
   rElec:     It insulates you from electricity.
   rN:        It protects you from negative energy.
   SInv:      It lets you see invisible.
   Stlth:     It makes you less stealthy.
 N - a +4 war axe
Missiles
 O - 15 javelins
Armour
 a - +2 acid dragon scales (worn)
 b - a +2 leather armour
 m - a +2 pair of boots (worn)
 w - a +1 cloak (worn)
 F - a +0 pair of gloves (worn)
 W - a +2 hat (worn)
Jewellery
 n - a ring of ice
 v - an amulet of reflection (around neck)
 y - a ring of willpower (right hand)
 z - an amulet of faith
 A - a ring of fire
 T - a ring of poison resistance (left hand)
Wands
 p - a wand of iceblast (5)
 I - a wand of flame (20)
 S - a wand of charming (4)
Scrolls
 d - 2 scrolls of silence
 e - 3 scrolls of enchant armour
 g - 4 scrolls of fog
 l - 7 scrolls of vulnerability
 q - 5 scrolls of teleportation
 r - 2 scrolls of torment
 s - 6 scrolls of amnesia
 u - 3 scrolls of holy word
 E - a scroll of blinking
 H - 5 scrolls of fear
 J - a scroll of immolation {unknown}
 Q - 2 scrolls of enchant weapon
Potions
 i - 2 potions of haste
 j - 5 potions of flight
 k - 9 potions of curing
 o - a potion of cancellation
 t - 3 potions of mutation
 x - 3 potions of lignification
 C - 2 potions of degeneration
Miscellaneous
 c - a piece from Xom's chessboard (inert) (quivered)
 V - a phial of floods


   Skills:
 + Level 11.1 Fighting
 + Level 10.2 Axes
 - Level 3.2 Throwing
 + Level 10.0 Armour
 + Level 9.9 Dodging
 + Level 3.1 Spellcasting
 + Level 4.9 Hexes


You had 15 spell levels left.
You knew the following spells:

 Your Spells              Type           Power      Damage    Failure   Level
a - Confusing Touch       Hex            22%        N/A       12%         3

Your spell library contained the following spells:

 Spells                   Type           Power      Damage    Failure   Level
 Ensorcelled Hibernation  Hex/Ice        24%        N/A       16%         2
 Animate Skeleton         Necr           6%         N/A       28%         1
 Pain                     Necr           12%        1d4       28%         1
 Shock                    Conj/Air       12%        1d3       28%         1
 Passwall                 Tmut/Erth      2%         N/A       41%         2
 Swiftness                Air            3%         N/A       65%         3
 Vampiric Draining        Necr           3%         2d6       65%         3
 Airstrike                Air            1%         N/A       96%         4
 Animate Dead             Necr           1%         N/A       96%         4
 Yara's Violent Unravell  Hex/Tmut       6%         3d5       96%         5
 Borgnjor's Vile Clutch   Necr/Erth      1%         N/A       100%        5
 Death Channel            Necr           1%         N/A       100%        6
 Enfeeble                 Hex            11%        N/A       100%        7


Dungeon Overview and Level Annotations

Branches:
Dungeon (12/15)            Temple (0/1) D:6            Lair (0/6) D:10
    Orc (0/2) D:12        Ossuary (visited)          Bailey (visited)

Altars:
Elyvilon
Hepliaklqana
Kikubaaqudgha
Xom
Yredelemnul

Shops:
D:11 *   D:12 [(


Innate Abilities, Weirdness & Mutations

You are partially covered in icy blue scales. (AC +2)
A meltable icy envelope protects you from harm. (AC +4)
You regenerate a little health from kills.
A meltable shield of frost defends you. (SH +4)
Your touch may inflict irresistible damage on your foes.
You have sharp toenails.
You are dopey. (Int -2)
You are frail. (-10% HP)
Your muscles are strong. (Str +2)
You are occasionally teleported next to monsters.
You sometimes lose the ability to read scrolls when taking damage.
You expend magic power (3 MP) to strengthen your wands.


Message History

The boulder beetle is moderately wounded.
The boulder beetle hits you!!
You feel threatened and lose the ability to read scrolls!
The boulder beetle stops rolling and uncurls.
You barely miss the boulder beetle.
The boulder beetle is moderately wounded.
The boulder beetle leaps!
You can read scrolls again.
The troll shouts!
Casting: Confusing Touch (dangerous; 12% risk of failure)
Confirm with . or Enter, or press ? or * to list all spells.
Okay, then.
You sock the troll! You burn the troll. Your touch misses the troll.
The troll is heavily wounded.
The boulder beetle curls into a ball and begins rolling!
The troll completely misses you. You block the troll's attack.
The troll claws you but does no damage.
You hit the troll. You burn the troll.
The troll is heavily wounded.
You block the troll's attack. The troll completely misses you.
The troll claws you!
You feel threatened and lose the ability to read scrolls!
You hit the troll but do no damage.
The troll is heavily wounded.
You block the troll's attack. The troll closely misses you.
The troll claws you but does no damage.
You sock the troll! You burn the troll.
The troll is severely wounded.
You can read scrolls again.
The troll closely misses you. The troll barely misses you.
The troll closely misses you. The boulder beetle hits you!!
You feel threatened and lose the ability to read scrolls!
* * * LOW HITPOINT WARNING * * *
The boulder beetle stops rolling and uncurls.
You closely miss the troll.
The troll is severely wounded.
The troll bites you but does no damage. The troll closely misses you.
The troll claws you but does no damage. The boulder beetle bites you!
You die...
Xom chuckles heartily!

##################
.................#
....######.......# #.... #....
#................#u u#.....#.....
#................# #..#..#..#..
#............#...#'###..#..#..#..
.........).......#......#.....#..
##########.......# .....#..yu.#..
.........#..##.T@################
.........#..##...B°............).
.........#..##...................
.........#..##...################
...###'###.......#,,, , #eW...#D.
...##....#'#.....#WVu #.....#..
...##......#.....# * #..#..#..
...##......#..#### , #..#..#..
...........#.....# 8 * ,...#.....


You could see a boulder beetle and a troll.

Vanquished Creatures
  Erolcha (D:9)
  A death knight (D:12)
  A two-headed ogre (D:11)
  Erica (D:9)
  Pikel (D:7)
  A deep elf pyromancer (D:12)
  An ugly thing (D:12)
  A cyclops (D:12)
  3 manticores
  Joseph (D:8)
  Maggie (D:9)
  3 kobold demonologists
  A komodo dragon (D:11)
  3 trolls
  3 wraiths
  A basilisk (D:12)
  28 yaks
  3 shadows
  A vampire (D:11)
  15 vampire mosquitoes
  A steam dragon (D:9)
  4 water moccasins
  An acid dragon (D:11)
  Duvessa (D:7)
  A black bear (D:5)
  4 sky beasts
  7 orc warriors
  3 ice beasts
  2 ogres
  10 centaurs
  3 kobold brigands
  3 bullfrogs
  2 gnoll sergeants
  A necrophage (D:6)
  15 scorpions
  17 wights
  Dowan (D:7)
  7 killer bees (D:10)
  A howler monkey (D:7)
  A human zombie (Ossuary)
  A centaur zombie (Ossuary)
  4 orc priests
  3 hounds
  A jelly (D:6)
  Crazy Yiuf (D:7)
  5 iguanas
  9 orc wizards
  4 scorpion zombies (Ossuary)
  3 mummies (Ossuary)
  4 gnolls
  6 adders
  2 shadow imps
  2 white imps
  An ufetubus (D:7)
  A worm (D:5)
  58 orcs
  14 ball pythons
  4 bats
  3 endoplasms
  6 giant cockroaches
  5 goblins
  6 hobgoblins
  2 jackals (D:4)
  A quokka (D:3)
  4 frilled lizards
  4 goblin zombies (Ossuary)
  2 hobgoblin zombies (Ossuary)
  11 kobolds
  6 kobold zombies (Ossuary)
  An orc zombie (Ossuary)
  4 rats
334 creatures vanquished.

Vanquished Creatures (collateral kills)
  A yak (D:10)
  3 orc warriors (Bailey)
  A sky beast (D:4)
  2 centaurs (Bailey)
  A scorpion (D:5)
  A hound (D:5)
  2 gnolls (D:4)
  2 orcs
  An endoplasm (D:4)
  5 kobolds (D:6)
19 creatures vanquished.

Vanquished Creatures (others)
  A deep elf pyromancer (D:12)
  An orc (Bailey)
  5 plants (D:3)
7 creatures vanquished.

Grand Total: 360 creatures vanquished

Notes
Turn   | Place    | Note
-------+----------+-------------------------------------------
     0 | D:1      | Dabor the Demonspawn Chaos Knight began the quest for the
                  | Orb.
     0 | D:1      | Reached XP level 1. HP: 18/18 MP: 1/1
    16 | D:1      | XOM: silly message
    69 | D:1      | Reached skill level 1 in Dodging
   352 | D:1      | XOM: silly message
   357 | D:1      | Gained mutation: Your touch may inflict minor irresistible
                  | damage on your foes. [demonic ancestry]
   357 | D:1      | Reached XP level 2. HP: 24/24 MP: 2/2
   449 | D:1      | XOM: divination: magic mapping
   696 | D:2      | XOM: stealth player
   745 | D:2      | Found a faded altar of an unknown god.
   905 | D:2      | XOM: divination: detect items
  1033 | D:2      | Gained mutation: You are partially covered in icy blue
                  | scales. (AC +2) [demonic ancestry]
  1033 | D:2      | Reached XP level 3. HP: 29/29 MP: 3/3
  1392 | D:2      | XOM: silly message
  1659 | D:3      | Found an ancient bone altar of Kikubaaqudgha.
  2133 | D:3      | Reached XP level 4. HP: 32/35 MP: 4/4
  2480 | D:4      | XOM: stealth player
  2695 | D:4      | XOM: noise
  2697 | D:4      | Reached XP level 5. HP: 42/42 MP: 5/5
  2951 | D:4      | Reached skill level 4 in Fighting
  2975 | D:4      | XOM: summons friendly white imp
  3090 | D:4      | Noticed a sky beast
  3091 | D:4      | XOM: summons friendly ufetubus
  3093 | D:4      | XOM: confuse monster(s)
  3098 | D:4      | Killed a sky beast
  3099 | D:4      | Gained mutation: Your touch may inflict irresistible damage
                  | on your foes. [demonic ancestry]
  3099 | D:4      | Reached XP level 6. HP: 48/48 MP: 6/6
  3116 | D:4      | Learned a level 3 spell: Confusing Touch
  3175 | D:4      | XOM: give mutations
  3175 | D:4      | Gained mutation: You are dopey. (Int -2) [Xom's mischief]
  3175 | D:4      | Gained mutation: You do not regenerate when monsters are
                  | visible. [Xom's mischief]
  3318 | D:4      | XOM: summons 4 hostile demons
  3566 | D:4      | XOM: scenery: 1 doors open
  3727 | D:4      | XOM: give mutations
  3727 | D:4      | Gained mutation: You have hidden genetic potential. [Xom's
                  | grace]
  3727 | D:4      | Gained mutation: You have large cloven feet. [Xom's grace]
  3883 | D:5      | Entered Level 5 of the Dungeon
  3939 | D:5      | XOM: god gift: 58 gold pieces
  4180 | D:5      | XOM: summons 3 friendly demons
  4191 | D:5      | Gained mutation: A meltable shield of frost defends you.
                  | (SH +4) [demonic ancestry]
  4191 | D:5      | Reached XP level 7. HP: 55/55 MP: 7/7
  4224 | D:5      | Gained mutation: You have a pair of small antennae on your
                  | head. [hidden potential]
  4293 | D:5      | XOM: cloud trail
  4469 | D:5      | XOM: fake destruction
  4479 | D:5      | Reached skill level 5 in Fighting
  4803 | D:6      | Found a sand-covered staircase.
  4919 | Ossuary  | Entered an ossuary
  4957 | Ossuary  | XOM: scenery: 1 doors open, 1 doors close
  4967 | Ossuary  | Reached skill level 5 in Axes
  4967 | Ossuary  | Reached XP level 8. HP: 56/63 MP: 8/8
  4991 | Ossuary  | Gained mutation: You possess an exceptional clarity of
                  | mind. [hidden potential]
  4991 | Ossuary  | Lost mutation: You have hidden genetic potential. [hidden
                  | potential expressed]
  5101 | Ossuary  | XOM: scenery: 1 doors open, 1 doors close
  5105 | Ossuary  | Reached skill level 6 in Fighting
  5105 | Ossuary  | Reached skill level 5 in Armour
  5129 | Ossuary  | Reached skill level 5 in Dodging
  5626 | D:6      | Reached XP level 9. HP: 68/71 MP: 9/9
  5654 | D:6      | Found a staircase to the Ecumenical Temple.
  5732 | D:6      | XOM: silly message
  5802 | D:6      | Reached skill level 1 in Spellcasting
  5802 | D:6      | Reached skill level 1 in Hexes
  5826 | D:6      | XOM: 6-stop teleportation journey
  5837 | D:6      | Found a basalt altar of Yredelemnul.
  5949 | D:6      | XOM: summons 9 friendly demons
  5964 | D:6      | XOM: 3-stop teleportation journey
  5969 | D:6      | XOM: confuse monster(s)
  6274 | D:6      | XOM: give mutations
  6274 | D:6      | Lost mutation: You have large cloven feet. [Xom's mischief]
  6274 | D:6      | Gained mutation: You sometimes lose the ability to read
                  | scrolls when taking damage. [Xom's mischief]
  6274 | D:6      | Gained mutation: You are clumsy. (Dex -2) [Xom's mischief]
  6352 | D:6      | XOM: noise
  6628 | D:6      | XOM: noise
  6685 | D:7      | XOM: blink monster(s)
  6735 | D:7      | XOM: cast spell 'Summon Mana Viper'
  6975 | D:7      | XOM: cast spell 'Leda's Liquefaction'
  6988 | D:7      | Reached skill level 7 in Fighting
  7219 | D:7      | Found a runed translucent door.
  7220 | D:7      | Noticed Crazy Yiuf
  7267 | D:7      | Killed Crazy Yiuf
  7271 | D:7      | Identified the +8 mace "Pelic" {flame, rElec rN+ SInv
                  | Stlth-}
  7552 | D:7      | Noticed Pikel
  7554 | D:7      | XOM: noise
  7560 | D:7      | Killed Pikel
  7613 | D:7      | Noticed Dowan
  7614 | D:7      | Noticed Duvessa
  7615 | D:7      | XOM: cast spell 'Call Canine Familiar'
  7624 | D:7      | Killed Duvessa
  7630 | D:7      | Killed Dowan
  7631 | D:7      | Gained mutation: A meltable icy envelope protects you from
                  | harm. (AC +4) [demonic ancestry]
  7631 | D:7      | Reached XP level 10. HP: 55/79 MP: 13/13
  7901 | D:8      | Noticed Joseph
  8103 | D:8      | XOM: divination: magic mapping
  8111 | D:8      | XOM: potion effect (curing)
  8116 | D:8      | Killed Joseph
  8190 | D:8      | XOM: 1-stop teleportation journey
  8197 | D:8      | Found a hazy altar of Hepliaklqana.
  8283 | D:8      | XOM: silly message
  8487 | D:8      | XOM: silly message
  8554 | D:8      | XOM: silly message
  8561 | D:8      | XOM: silly message
  8780 | D:8      | XOM: silly message
  8987 | D:9      | Reached skill level 8 in Fighting
  9290 | D:9      | Noticed Erica
  9299 | D:9      | Killed Erica
  9355 | D:9      | XOM: divination: detect items
  9390 | D:9      | Noticed Erolcha
  9400 | D:9      | Killed Erolcha
  9488 | D:9      | XOM: silly message
  9505 | D:9      | XOM: silly message
  9887 | D:9      | Noticed Maggie
  9900 | D:9      | Killed Maggie
 10250 | D:10     | Entered Level 10 of the Dungeon
 10254 | D:10     | XOM: divination: detect creatures
 10470 | D:10     | Reached XP level 11. HP: 74/87 MP: 14/14
 10476 | D:10     | XOM: divination: detect items
 10482 | D:10     | XOM: enchant monster (good)
 10741 | D:10     | Found a staircase to the Lair.
 10817 | D:10     | XOM: divination: detect items
 10824 | D:10     | XOM: summons 2 hostile demons
 10825 | D:10     | Noticed a soul eater
 10828 | D:10     | Found a flagged portal.
 10837 | Bailey   | Entered a bailey
 11274 | Bailey   | Reached skill level 9 in Fighting
 11344 | Bailey   | XOM: give mutations
 11344 | Bailey   | Lost mutation: You possess an exceptional clarity of mind.
                  | [Xom's mischief]
 11344 | Bailey   | Gained mutation: Your muscles are strong. (Str +2) [Xom's
                  | mischief]
 11344 | Bailey   | Lost mutation: You sometimes lose the ability to read
                  | scrolls when taking damage. [Xom's mischief]
 11344 | Bailey   | Gained mutation: You sometimes lose the ability to read
                  | scrolls when taking damage. [Xom's mischief]
 11385 | Bailey   | XOM: polymorph orc warrior -> ice beast
 11409 | Bailey   | XOM: confuse monster(s)
 11474 | Bailey   | Identified the +4 triple sword of Fapissyrph {antimagic,
                  | Will+}
 11485 | Bailey   | Reached skill level 10 in Fighting
 11485 | Bailey   | Gained mutation: You regenerate a little health from kills.
                  | [demonic ancestry]
 11485 | Bailey   | Reached XP level 12. HP: 81/97 MP: 15/15
 11588 | Bailey   | XOM: fog
 11660 | Bailey   | XOM: divination: detect items
 11831 | D:10     | XOM: scenery: create altars
 12539 | D:11     | Lost mutation: You are clumsy. (Dex -2) [potion of
                  | mutation]
 12539 | D:11     | Lost mutation: You have a pair of small antennae on your
                  | head. [potion of mutation]
 12539 | D:11     | Lost mutation: You do not regenerate when monsters are
                  | visible. [potion of mutation]
 12539 | D:11     | Gained mutation: You expend magic power (3 MP) to
                  | strengthen your wands. [potion of mutation]
 12667 | D:11     | Found Sokitohu's General Store.
 12715 | D:11     | XOM: enchant monster (good)
 12716 | D:11     | XOM: fog
 12795 | D:11     | XOM: cast spell 'Summon Ice Beast'
 12851 | D:11     | XOM: god gift: scroll of fear
 12893 | D:11     | Noticed a two-headed ogre
 12902 | D:11     | Killed a two-headed ogre
 12923 | D:11     | XOM: polymorph iron imp -> crimson imp
 12930 | D:11     | XOM: noise
 13170 | D:11     | XOM: silly message
 13275 | D:11     | XOM: noise
 13311 | D:12     | XOM: divination: detect creatures
 13343 | D:12     | XOM: confuse monster(s)
 13536 | D:12     | XOM: summons 1 hostile demon
 13554 | D:12     | XOM: give mutations
 13554 | D:12     | Gained mutation: You are occasionally teleported next to
                  | monsters. [Xom's mischief]
 13554 | D:12     | Gained mutation: You have sharp toenails. [Xom's mischief]
 13554 | D:12     | Gained mutation: You are frail. (-10% HP) [Xom's mischief]
 13733 | D:12     | Found Dacuwouh's Armour Emporium.
 13735 | D:12     | Found a staircase to the Orcish Mines.
 13746 | D:12     | Reached skill level 10 in Axes
 13747 | D:12     | Found Lenlic's Weapon Emporium.
 13886 | D:12     | XOM: 9-stop teleportation journey
 13911 | D:12     | Reached XP level 13. HP: 77/94 MP: 16/16
 13948 | D:12     | Reached skill level 11 in Fighting
 14168 | D:12     | XOM: potion effect (might)
 14451 | D:12     | XOM: potion effect (curing)
 14468 | D:12     | XOM: potion effect (might)
 14479 | D:12     | XOM: divination: detect creatures
 14531 | D:12     | XOM: divination: magic mapping
 14944 | D:12     | XOM: potion effect (magic)
 15436 | D:12     | XOM: silly message
 15441 | D:12     | Reached skill level 10 in Armour
 15486 | D:12     | Mangled by a boulder beetle

Illustrated notes

Levels and vault maps discovered:
D:1:      dpeg_arrival_round_b, layout_basic, minmay_misc_feat_plants
D:2:      layout_loops_ring, dreamdust_ecumenical_altar_statues,
          kennysheep_generic_room_13
D:3:      layout_loops_cross, mainiacjoe_overflow_catwalk, serial_forest,
          infiniplex_forest_clump_small, infiniplex_forest_clump_diagonal,
          infiniplex_forest_lined_3, infiniplex_forest_clump_diagonal,
          infiniplex_forest_diagonal, infiniplex_forest_lined_room_2
D:4:      layout_basic, minmay_misc_feat_ornament
D:5:      layout_loops_cross
D:6:      layout_layer_cave, yredelemnul_altar_generic,
          minmay_temple_entry_statues_fountains, chequers_ossuary_entry_cave
D:7:      layout_gridville, hangedman_decor_riveting, uniq_pikel, uniq_duvessa,
          uniq_crazy_yiuf_cottage
D:8:      layout_rooms, mainiacjoe_overflow_boulevard,
          mainiacjoe_overflow_cross_hatched, uniq_joseph
D:9:      layout_basic, uniq_erica, uniq_erolcha, uniq_maggie
D:10:     layout_basic, lair_entry_dummy, enter_bailey_6,
          kennysheep_generic_room_14
D:11:     layout_rooms, serial_shops, nicolae_take_the_stairs, hex_tiny
D:12:     kennysheep_windowed_halls, layout_stronghold, orc_david_3

Skill      XL: |  1  2  3  4  5  6  7  8  9 10 11 12 13 |
---------------+----------------------------------------+-----
Dodging        | 1 2 3 4 5 6 7 8 9 |  9.9
Armour         | 2 3 4 5 6 7 8 9 10 | 10.0
Axes           | 3 4 5 6 8 9 10 | 10.2
Fighting       | 4 5 6 7 8 10 11 | 11.1
Spellcasting   | 2 3 |  3.1
Hexes          | 4 |  4.9
Throwing       | 3 |  3.2

Action                   |  1- 3 |  4- 6 |  7- 9 | 10-12 | 13-15 || total
-------------------------+-------+-------+-------+-------+-------++-------
Melee: Hand axe          |   112 |   110 |   178 |       |       ||   400
       Touch             |    13 |    18 |    53 |    90 |    32 ||   206
       Punch             |       |     1 |     3 |     6 |     2 ||    12
       Battleaxe         |       |       |    73 |    24 |       ||    97
       Mace              |       |       |    35 |   442 |   131 ||   608
       Unarmed           |       |       |       |    27 |       ||    27
       Trident           |       |       |       |   110 |       ||   110
Throw: Javelin           |       |       |       |       |    10 ||    10
 Cast: Confusing Touch   |       |       |       |       |     2 ||     2
Evoke: Piece from Xom's  |     1 |     4 |    21 |     6 |     7 ||    39
       Wand              |       |       |       |     7 |     8 ||    15
  Use: Scroll            |       |     6 |     8 |    13 |     1 ||    28
       Potion            |       |     1 |     2 |     3 |     7 ||    13
 Stab: Sleeping          |     1 |     2 |     4 |       |       ||     7
       Paralysed         |       |     1 |     3 |       |       ||     4
       Confused          |       |       |     1 |     2 |     2 ||     5
       Petrified         |       |       |       |     1 |     4 ||     5
       Distracted        |       |       |       |     1 |       ||     1
       Invisible         |       |       |       |       |     2 ||     2
       Petrifying        |       |       |       |       |     1 ||     1
Armor: Leather armour    |    52 |    42 |   129 |    37 |       ||   260
       Acid dragon scale |       |       |       |   202 |    78 ||   280
Dodge: Dodged            |    57 |    54 |   204 |   629 |   115 ||  1059
Block: Other             |       |    12 |   153 |   387 |    63 ||   615
       Reflection        |       |       |     2 |     7 |       ||     9

Table legend: (Time is in decaauts)
 A = Elapsed time spent in this place.
 B = Non-inter-level travel time spent in this place.
 C = Inter-level travel time spent in this place.
 D = Time resting spent in this place.
 E = Time spent auto-exploring this place.
 F = Levels seen in this place.
 G = Mean time per level.
                   A        B        C        D        E       F      G
               +--------+--------+--------+--------+--------+-----+--------+
         Total |  15632 |  15204 |    428 |   1178 |  10605 |  14 | 1116.6 |
       Dungeon |  14130 |  13702 |    428 |    983 |  10130 |  12 | 1177.5 |
       Ossuary |    547 |    547 |      0 |    174 |      0 |   1 |  547.0 |
        Bailey |    954 |    954 |      0 |     21 |    474 |   1 |  954.0 |
               +--------+--------+--------+--------+--------+-----+--------+

Top non-repeatable levels by time:
    D:12: 1954 daAuts
     D:7: 1462 daAuts
     D:4: 1413 daAuts
     D:9: 1363 daAuts
     D:6: 1357 daAuts
    D:10: 1269 daAuts
    D:11: 1120 daAuts
     D:3: 975 daAuts
  Bailey: 954 daAuts
     D:5: 885 daAuts
     D:2: 819 daAuts
     D:8: 808 daAuts
     D:1: 701 daAuts
 Ossuary: 547 daAuts
